 Dungeon Crawl Stone Soup version 0.19.4-8-ga85b6b9 (webtiles) character file.

60648 vatarom the Blocker (level 15, -1/103 HPs)
             Began as a Formicid Fighter on Feb 6, 2017.
             Was a High Priest of Hepliaklqana.
             Succumbed to a hornet's poison
             ... on level 6 of the Lair of Beasts.
             The game lasted 00:45:06 (18663 turns).

vatarom the Blocker (Formicid Fighter)             Turns: 18663, Time: 00:45:07

Health: -1/103     AC: 23    Str: 26    XL:     15   Next: 39%
Magic:  25/25      EV:  8    Int: 10    God:    Hepliaklqana [*****.]
Gold:   1260       SH: 17    Dex: 18    Spells: 1 memorised, 25 levels left

rFire  . . .     SeeInvis +     j - +2 great sword
rCold  . . .     Gourm    .     F - +1 plate armour
rNeg   . . .     Faith    .     c - +3 shield
rPois  .         Spirit   .     (helmet unavailable)
rElec  .         Reflect  .     (no cloak)
rCorr  .         Harm     .     d - +1 pair of gloves
MR     +....                    (no boots)
Stlth  ..........               p - amulet of magic regeneration
                                Q - +4 ring of dexterity
                                l - +4 ring of protection

@: mighty, lethally poisoned (-1 -> -16)
A: permanent stasis, dig shafts and tunnels, four strong arms, reduced essence,
antennae 3, sturdy frame 1
a: Dig, Shaft Self, Recall Ancestor, Ancestor Identity, Transference, Idealise,
Renounce Religion


You were on level 6 of the Lair of Beasts.
You worshipped Hepliaklqana.
Hepliaklqana was extremely pleased with you.
You were completely stuffed.

You visited 3 branches of the dungeon, and saw 20 of its levels.
You also visited: Ossuary.

You collected 1304 gold pieces.
You spent 44 gold pieces at shops.

Inventory:

Hand Weapons
 j - a +2 great sword (weapon)
Armour
 c - a +3 shield (worn)
 d - a +1 pair of gloves (worn)
 C - a +3 scale mail of cold resistance
 F - a +1 plate armour (worn)
Rods
 H - a +2 rod of inaccuracy (10/10)
   (You took it off a naga on level 3 of the Lair of Beasts)
Jewellery
 l - a +4 ring of protection (left hand)
 p - an amulet of magic regeneration (around neck)
 x - an uncursed ring of resist corrosion
 E - an uncursed ring of protection from magic
 G - an uncursed ring of poison resistance
 Q - a +4 ring of dexterity (right hand)
Wands
 q - a wand of slowing (26/48)
 r - a wand of paralysis (15/24)
 u - a wand of flame (24/48)
 z - a wand of iceblast (3/15)
 A - a wand of disintegration (11/24)
 D - a wand of enslavement (9/24)
 J - a wand of teleportation (8/9)
 O - a wand of teleportation (4/9)
 R - a wand of lightning (8/15)
Scrolls
 a - 9 scrolls of remove curse
 b - 3 scrolls of enchant armour
 f - 6 scrolls of identify
 i - 3 scrolls of amnesia
 L - 2 scrolls of recharging
Potions
 e - 2 potions of ambrosia
 g - 3 potions of flight
 n - a potion of brilliance
 t - 2 potions of agility
 w - 2 potions of might
 B - 2 potions of cancellation
 I - a potion of invisibility
 P - a potion of magic
Books
 y - a book of Battle

   Spells                             Type                      Level
   a - Infusion                       Charms                       1
   b - Shroud of Golubria             Charms/Translocation         2
   c - Song of Slaying                Charms                       2
   d - Spectral Weapon                Hexes/Charms                 3
   e - Regeneration                   Charms/Necromancy            3
 K - a book of Power

   Spells                             Type                      Level
   a - Fulminant Prism                Conjuration/Hexes            4
   b - Iskenderun's Mystic Blast      Conjuration                  4
   c - Venom Bolt                     Conjuration/Poison           5
   d - Bolt of Magma                  Conjuration/Fire/Earth       5
   e - Iron Shot                      Conjuration/Earth            6
   f - Orb of Destruction             Conjuration                  7
   g - Spellforged Servitor           Conjuration/Summoning        7
Comestibles
 h - 6 meat rations
 m - 3 bread rations
 o - 4 beef jerkies
 s - 2 slices of pizza
 M - a fruit
 S - 5 chunks of flesh


   Skills:
 - Level 10.0 Fighting
 - Level 10.4 Long Blades
 + Level 12.4 Armour
 - Level 12.8 Shields
 - Level 7.0 Spellcasting
 - Level 6.9 Charms
 - Level 11.1 Invocations
 - Level 6.1 Evocations


You had 25 spell levels left.
You knew the following spells:

 Your Spells              Type           Power        Failure   Level  Hunger
a - Spectral Weapon       Hex/Chrm       ##......     77%         3    ###....


Dungeon Overview and Level Annotations

Branches:
Dungeon (13/15)            Temple (1/1) D:4            Lair (5/6) D:11
  Swamp (0/4) Lair:3        Snake (0/4) Lair:3          Orc (0/2) D:11
  Slime: Lair:5-6    Vaults: D:13-14

Altars:
Ashenzari
Cheibriados
Dithmenos
Elyvilon
Fedhas
Gozag
Hepliaklqana
Kikubaaqudgha
Makhleb
Nemelex Xobeh
Okawaru
Qazlal
Ru
Sif Muna
Trog
Uskayaw
Vehumet
Xom
Yredelemnul
Zin
The Shining One

Shops:
D:5 ?   D:8 [   D:9 }

Annotations:
D:10 Harold


Innate Abilities, Weirdness & Mutations

You are under a permanent stasis effect.
You can dig through walls and to a lower floor.
Your four strong arms can wield two-handed weapons with a shield.
You have a pair of large antennae on your head. (SInv)
Your life essence is reduced. (-10% HP)
Your movements are slightly less encumbered by armour. (ER -2)


Message History

It was a potion of cure mutation.
It has a very clean taste.
Your skin no longer functions as natural camouflage.
You no longer feel cold resistant.
Your rate of healing slows.
You feel genetically unstable.
You feel robust.
* * * LOW HITPOINT WARNING * * *
You feel sick. You block the black mamba's attack. The hornet stings you.
* * * LOW HITPOINT WARNING * * *
You are more poisoned.
Your stasis keeps you stable.
The black mamba barely misses you. The spiny frog barely misses you.
You extend your mandibles.
You dig through the rock wall.
* * * LOW HITPOINT WARNING * * *
You feel sick. You block the hornet's attack.
The black mamba barely misses you.
The hornet stings you but does no damage.
The black mamba bites you but does no damage.
Unknown command.
You dig through the rock wall.
You die...

....P... #....P## {
....P.P# ##....##
####P.....#
##.##.....#
###ryFS.....#
##P.##.##...P# #..
#...##@##P..###
....#...####......#
#..P.F..#P..#...##
##.P................
.....(...............
......................
...................P.#
................#..##.
..................##


You could see a black mamba, a spiny frog and a hornet.

Vanquished Creatures
  The ghost of Azzok the Cleaver, a journeyman DDFi of Makhleb (D:9)
  The ghost of vatarom the Fighter, a novice VSAs of Uskayaw (D:10)
  An unseen horror (D:12)
  A hill giant (D:10)
  Pikel (D:4)
  A wolf spider (Lair:6)
  An ugly thing (D:13)
  A guardian serpent (Lair:3)
  2 elephants (Lair:3)
  2 black mambas
  A centaur skeleton (D:13)
  4 komodo dragons
  7 spiny frogs
  A redback zombie (D:13)
  A hornet (Lair:6)
  Grinder (D:3)
  4 blink frogs
  2 hippogriffs
  Sigmund (D:2)
  2 wyverns
  20 yaks
  Eustachio (D:6)
  A steam dragon (Lair:5)
  8 water moccasins
  4 porcupines
  2 orc warriors
  2 sky beasts
  3 black bears
  8 ogres
  A phantom (D:8)
  9 centaurs
  2 crocodiles (Lair:1)
  A big kobold (D:10)
  2 wyvern zombies (Ossuary)
  5 bullfrogs
  Dowan (D:6)
  2 scorpions
  5 jellies
  A killer bee (D:10)
  4 wights
  4 howler monkeys
  5 crimson imps
  A centaur zombie (Ossuary)
  4 bullfrog zombies
  2 quasits
  2 hounds
  4 orc wizards
  A gnoll shaman (D:5)
  3 orc priests
  A bullfrog skeleton (D:4)
  Ijyb (D:2)
  5 hell rats (Lair:5)
  Natasha (D:3)
  9 worker ants
  A hound zombie (D:8)
  9 mummies (Ossuary)
  3 worker ant zombies (Ossuary)
  6 gnolls
  15 adders
  2 shadow imps
  An ooze (D:3)
  An adder skeleton (D:4)
  3 dart slugs (D:1)
  6 worms
  8 leopard geckos
  33 orcs
  2 ball pythons
  12 bats
  15 giant cockroaches
  11 hobgoblins
  8 jackals
  13 kobolds
  4 quokkas
  9 frilled lizards
  3 goblins
  2 jackal zombies (Ossuary)
  A leopard gecko zombie (D:5)
  A quokka skeleton (D:5)
  11 rats
341 creatures vanquished.

Vanquished Creatures (collateral kills)
  2 hydras
  An ice dragon (Lair:1)
  Urug (Lair:3)
  Sonja (Lair:2)
  The ghost of buskinjo the Carver, a novice DsCK of Xom (D:8)
  A deep elf mage (D:12)
  Maurice (D:8)
  An elephant (Lair:3)
  A gargoyle (D:10)
  2 black mambas (Lair:6)
  A centaur skeleton (D:12)
  8 spiny frogs
  4 komodo dragons
  3 rime drakes
  A troll (D:12)
  A polar bear (Lair:3)
  2 blink frogs
  A hippogriff (D:11)
  2 wyverns (Lair:6)
  22 yaks
  A basilisk (Lair:5)
  2 hungry ghosts
  4 nagas (Lair:3)
  7 water moccasins
  Duvessa (D:6)
  2 porcupines (Lair:2)
  A swamp drake (Lair:3)
  4 orc warriors (D:11)
  An ice beast (D:12)
  A sky beast (D:6)
  A black bear (D:8)
  3 ogres
  8 centaurs
  5 crocodiles
  A big kobold (D:11)
  5 bullfrogs
  A wyvern zombie (D:9)
  8 killer bees
  4 wights
  6 howler monkeys
  2 electric eels
  3 crimson imps
  A centaur zombie (Ossuary)
  3 hounds
  4 bullfrog zombies
  A bullfrog skeleton (D:8)
  6 orc wizards
  An iguana (Lair:3)
  8 worker ants
  2 hell rats (Lair:5)
  3 mummies (Ossuary)
  3 adders
  A shadow imp (D:5)
  An adder zombie (Ossuary)
  2 leopard geckos
  10 orcs
  A giant cockroach (D:5)
  A jackal (D:8)
  6 kobolds
  A frilled lizard (Lair:3)
  2 giant cockroach zombies (Ossuary)
  A leopard gecko zombie (Ossuary)
186 creatures vanquished.

Vanquished Creatures (others)
  13 battlemagi
  An ancestor (D:5)
  A bush (Lair:3)
  3 fungi
  5 plants (Lair:6)
  3 withered plants (Ossuary)
26 creatures vanquished.

Grand Total: 553 creatures vanquished

Notes
Turn   | Place    | Note
-------+----------+-------------------------------------------
     0 | D:1      | vatarom the Formicid Fighter began the quest for the Orb.
     0 | D:1      | Reached XP level 1. HP: 18/18 MP: 1/1
    55 | D:1      | Reached XP level 2. HP: 23/24 MP: 2/2
   343 | D:1      | Reached XP level 3. HP: 23/29 MP: 3/3
   828 | D:2      | Found a shimmering altar of Xom.
  1053 | D:2      | Reached XP level 4. HP: 35/35 MP: 4/4
  1325 | D:2      | Noticed Ijyb
  1390 | D:2      | Killed Ijyb
  1390 | D:2      | Reached XP level 5. HP: 19/42 MP: 5/5
  2014 | D:2      | Noticed Sigmund
  2057 | D:2      | Killed Sigmund
  2057 | D:2      | Reached skill level 5 in Long Blades
  2057 | D:2      | Reached XP level 6. HP: 40/50 MP: 6/6
  2370 | D:3      | Reached skill level 5 in Fighting
  2384 | D:3      | Noticed Grinder
  2435 | D:3      | Killed Grinder
  2435 | D:3      | Reached XP level 7. HP: 32/57 MP: 7/7
  2513 | D:3      | Noticed Natasha
  2526 | D:3      | Killed Natasha
  2995 | D:3      | Reached XP level 8. HP: 22/64 MP: 8/8
  3542 | D:4      | Reached skill level 5 in Shields
  3649 | D:4      | Found a faded altar of an unknown god.
  3649 | D:4      | Found a snail-covered altar of Cheibriados.
  3654 | D:4      | Found a faded altar of an unknown god.
  3656 | D:4      | Found a faded altar of an unknown god.
  3658 | D:4      | Found a shattered altar of Ashenzari.
  3677 | D:4      | Noticed Pikel
  3708 | D:4      | Killed Pikel
  4116 | D:4      | Reached XP level 9. HP: 44/69 MP: 9/9
  4149 | D:4      | Found a staircase to the Ecumenical Temple.
  4207 | Temple   | Entered the Ecumenical Temple
  4299 | Temple   | Became a worshipper of Hepliaklqana the Forgotten
  4612 | D:5      | Entered Level 5 of the Dungeon
  4810 | D:5      | Reached skill level 1 in Invocations
  5373 | D:5      | Found Kahyza Zimi's Magic Scroll Shoppe.
  5375 | D:5      | Reached * piety under Hepliaklqana
  5382 | D:5      | Found a stormy altar of Qazlal.
  5383 | D:5      | Bought a scroll of identify for 22 gold pieces
  5383 | D:5      | Bought a scroll of identify for 22 gold pieces
  5614 | D:6      | Noticed Duvessa
  5619 | D:6      | Noticed Dowan
  5622 | D:6      | Killed Duvessa
  5639 | D:6      | Killed Dowan
  5674 | D:6      | Noticed Eustachio
  5719 | D:6      | Killed Eustachio
  5856 | D:6      | Found a burning altar of Makhleb.
  5912 | D:6      | Reached skill level 10 in Shields
  5917 | D:6      | Gained mutation: Your movements are slightly less encumbered by armour. (ER -2) [mutagenic meat]
  5918 | D:6      | Gained mutation: Your flesh is cold resistant. (rC+) [mutagenic meat]
  5920 | D:6      | Gained mutation: You are frail. (-10% HP) [mutagenic meat]
  5921 | D:6      | Gained mutation: You are somewhat resistant to further mutation. [mutagenic meat]
  5923 | D:6      | Reached ** piety under Hepliaklqana
  5932 | D:6      | Remembered your ancestor K'thesu as a battlemage
  6098 | D:6      | Found a hide-covered altar of Uskayaw.
  6099 | D:6      | Found an iron altar of Okawaru.
  6404 | D:7      | Reached XP level 10. HP: 60/60 MP: 13/13
  6817 | D:7      | Reached skill level 5 in Invocations
  6908 | D:7      | Found a stormy altar of Qazlal.
  7378 | D:8      | Found Xaoheduph's Specialty Armours.
  7632 | D:8      | Found a sand-covered staircase.
  7637 | Ossuary  | Entered an ossuary
  8066 | D:8      | Noticed buskinjo's ghost (novice DsCK)
  8077 | D:8      | Killed buskinjo's ghost
  8181 | D:8      | Reached XP level 11. HP: 64/64 MP: 14/16
  8187 | D:8      | Noticed Maurice
  8207 | D:8      | Killed Maurice
  8627 | D:9      | Noticed Azzok's ghost (journeyman DDFi)
  8640 | D:9      | Killed Azzok's ghost
  8821 | D:9      | Found Gicu's Quality Used Wands.
  8868 | D:9      | Reached *** piety under Hepliaklqana
  9271 | D:9      | Reached skill level 5 in Armour
  9523 | D:9      | Learned a level 3 spell: Spectral Weapon
  9835 | D:10     | Entered Level 10 of the Dungeon
  9905 | D:10     | Noticed a hill giant
  9916 | D:10     | Killed a hill giant
 10287 | D:10     | Noticed vatarom's ghost (novice VSAs)
 10319 | D:10     | Killed vatarom's ghost
 10319 | D:10     | Reached XP level 12. HP: 51/73 MP: 17/19
 10663 | D:10     | Noticed Harold
 10945 | D:11     | Found a sacrificial altar of Ru.
 11273 | D:11     | Found a staircase to the Orcish Mines.
 11311 | D:11     | Reached skill level 10 in Invocations
 11520 | D:11     | Reached **** piety under Hepliaklqana
 11617 | D:11     | Found a staircase to the Lair.
 12858 | D:12     | Noticed an unseen horror
 12863 | D:12     | Killed an unseen horror
 12863 | D:12     | Reached skill level 10 in Fighting
 12895 | D:12     | Reached skill level 1 in Spellcasting
 12958 | D:12     | Reached skill level 1 in Charms
 13207 | D:13     | Reached XP level 13. HP: 82/82 MP: 21/21
 13373 | Lair:1   | Entered Level 1 of the Lair of Beasts
 13439 | Lair:1   | Noticed an ice dragon
 13452 | Lair:1   | Killed an ice dragon
 14374 | Lair:2   | Noticed Sonja
 14375 | Lair:2   | Reached skill level 5 in Spellcasting
 14375 | Lair:2   | Reached skill level 5 in Charms
 14385 | Lair:2   | Killed Sonja
 15466 | Lair:3   | Found a staircase to the Swamp.
 15704 | Lair:3   | Noticed Urug
 15716 | Lair:3   | Killed Urug
 15853 | Lair:3   | Found a labyrinth entrance.
 16092 | Lair:3   | Found a staircase to the Snake Pit.
 16209 | Lair:3   | Gained mutation: Your natural rate of healing is unusually fast. [mutagenic meat]
 16218 | Lair:3   | Gained mutation: Your skin changes colour to match your surroundings (Stealth+). [mutagenic meat]
 16722 | Lair:4   | Reached ***** piety under Hepliaklqana
 16728 | Lair:4   | Noticed a four-headed hydra
 16804 | Lair:4   | Killed a five-headed hydra
 16832 | Lair:4   | Reached skill level 10 in Armour
 16835 | Lair:4   | Reached XP level 14. HP: 88/88 MP: 24/24
 17937 | Lair:5   | Reached skill level 10 in Long Blades
 17937 | Lair:5   | Reached XP level 15. HP: 92/92 MP: 25/25
 18465 | Lair:5   | You fall through a shaft!
 18465 | Lair:6   | Entered Level 6 of the Lair of Beasts
 18661 | Lair:6   | Lost mutation: Your skin changes colour to match your surroundings (Stealth+). [potion of cure mutation]
 18661 | Lair:6   | Lost mutation: Your flesh is cold resistant. (rC+) [potion of cure mutation]
 18661 | Lair:6   | Lost mutation: Your natural rate of healing is unusually fast. [potion of cure mutation]
 18661 | Lair:6   | Lost mutation: You are somewhat resistant to further mutation. [potion of cure mutation]
 18661 | Lair:6   | Lost mutation: You are frail. (-10% HP) [potion of cure mutation]
 18661 | Lair:6   | HP: 5/103 [poisoned by a black mamba]
 18662 | Lair:6   | HP: 1/103 [poisoned by a hornet]
 18663 | Lair:6   | Succumbed to a hornet's poison

Skill      XL: |  1  2  3  4  5  6  7  8  9 10 11 12 13 14 15 |
---------------+----------------------------------------------+-----
Long Blades    | 3 4 5 6 7 8 9 10 | 10.4
Fighting       | 4 5 6 8 10 | 10.0
Shields        | 4 7 10 12 | 12.8
Invocations    | 4 6 9 11 | 11.1
Armour         | 6 8 10 11 12 | 12.4
Spellcasting   | 2 7 |  7.0
Charms         | 2 6 |  6.9
Evocations     | 6 |  6.1

Action                   |  1- 3 |  4- 6 |  7- 9 | 10-12 | 13-15 || total
-------------------------+-------+-------+-------+-------+-------++-------
Melee: Long sword        |   114 |   201 |    67 |       |       ||   382
       Great sword       |       |       |   224 |   580 |   364 ||  1168
       Falchion          |       |       |       |    16 |       ||    16
Invok: Ancestor Identity |       |       |     2 |       |       ||     2
       Ancestor Life: Ba |       |       |     1 |       |       ||     1
       Idealise          |       |       |       |     1 |     1 ||     2
       Transference      |       |       |       |       |     5 ||     5
       Recall Ancestor   |       |       |       |       |     1 ||     1
 Abil: Dig               |       |       |     3 |     9 |     8 ||    20
Evoke: Wand              |       |       |       |       |     2 ||     2
  Use: Scroll            |     2 |     2 |     6 |     8 |     8 ||    26
       Potion            |     2 |     4 |     4 |    15 |     8 ||    33
 Stab: Distracted        |       |       |       |     7 |     4 ||    11
  Eat: Chunk             |     1 |     2 |     7 |     5 |    10 ||    25
       Bread ration      |       |     2 |     1 |     3 |     1 ||     7
       Meat ration       |       |       |     1 |     1 |     2 ||     4
       Pizza             |       |       |     1 |       |     1 ||     2
       Beef jerky        |       |       |       |     6 |       ||     6
       Fruit             |       |       |       |       |     1 ||     1
Armor: Scale mail        |    32 |    80 |   157 |   128 |       ||   397
       Skin              |       |    13 |       |       |       ||    13
       Plate armour      |       |       |       |    97 |   272 ||   369
Dodge: Dodged            |    40 |    49 |   115 |   197 |   157 ||   558
Block: Shield            |    54 |   100 |   231 |   513 |   458 ||  1356
       Rpst.: Long sword |    15 |    13 |     7 |       |       ||    35
       Great sword       |       |       |    31 |    52 |    33 ||   116
